Map: Ruins of Seras

Players

Chris (MCanning) - Winner!

  • Race: Protoss Protoss
  • League: Grandmaster

cookiejar

  • Race: Zerg Zerg
  • League: Master

VOD

https://www.youtube.com/watch?v=Ik_nO2GC9FM

Description

Time

  • Played on: Nov. 26, 2015, midnight
  • Length: 9:50
Show
View Real Time Build Order
Export as new Build Order

Chris Protoss - Winner!

Build Orders: Nexus First 

Get SALT Encoding   

  12  0:01  Probe (Chrono Boost)  
  13  0:11  Probe (Chrono Boost)  
  14  0:19  Pylon  
  14  0:23  Probe (Chrono Boost)  
  15  0:37  Probe (Chrono Boost)  
  16  0:48  Probe (Chrono Boost)  
  17  1:00  Nexus  
  17  1:11  Gateway  
  17  1:16  Probe (Chrono Boost)  
  18  1:25  Assimilator  
  18  1:26  Probe (Chrono Boost)  
  18  1:30  Assimilator  
  19  1:37  Probe (Chrono Boost)  
  20  1:42  Pylon  
  20  1:47  Probe (Chrono Boost)  
  21  1:58  Probe (Chrono Boost)  
  22  2:02  Cybernetics Core  
  22  2:08  Probe (Chrono Boost)  
  23  2:19  Probe (Chrono Boost)  
  23  2:21  Probe (Chrono Boost)  
  25  2:29  Probe (Chrono Boost)  
  26  2:32  Probe (Chrono Boost)  
  27  2:40  Probe (Chrono Boost)  
  29  2:46  Mothership Core (Chrono Boost)  
  29  2:48  Stalker, Warp Gate  
  29  2:51  Probe (Chrono Boost)  
  33  2:58  Pylon  
  33  3:01  Probe (Chrono Boost)  
  33  3:05  Probe (Chrono Boost)  
  35  3:12  Probe (Chrono Boost)  
  36  3:15  Probe (Chrono Boost), Pylon  
  36  3:19  Twilight Council  
  37  3:22  Probe (Chrono Boost)  
  37  3:25  Zealot  
  37  3:26  Probe (Chrono Boost)  
  41  3:33  Probe (Chrono Boost)  
  42  3:36  Probe (Chrono Boost)  
  43  3:42  Pylon  
  43  3:43  Probe (Chrono Boost)  
  43  3:47  Probe (Chrono Boost)  
  45  3:54  Gateway, Probe (Chrono Boost)  
  46  3:56  Gateway  
  46  3:57  Probe (Chrono Boost)  
  46  4:01  Dark Shrine  
  47  4:05  Assimilator  
  47  4:10  Probe x2 (Chrono Boost), Assimilator  
  49  4:21  Probe x2 (Chrono Boost)  
  51  4:28  Pylon  
  52  4:31  Probe (Chrono Boost)  
  52  4:33  Gateway  
  52  4:35  Gateway  
  52  4:39  Gateway  
  52  4:40  Gateway  
  52  4:45  Gateway  
  52  4:51  Gateway  
  52  4:53  Probe (Chrono Boost)  
  53  5:03  Probe (Chrono Boost)  
  53  5:04  Pylon  
  54  5:15  Pylon  
  54  5:16  Probe (Chrono Boost)  
  54  5:21  Robotics Facility  
  54  5:30  Pylon  
  54  5:45  Dark Templar  
  54  5:46  Dark Templar x6  
  54  5:47  Dark Templar  
  54  5:49  Dark Templar  
  72  6:06  Nexus  
  72  6:12  Observer (Chrono Boost)  
  72  6:14  Robotics Bay  
  71  6:26  Probe  
  71  6:30  Probe  
  73  6:36  Dark Templar x2, Probe  
  73  6:39  Warp Prism (Chrono Boost)  
  70  6:50  Zealot x3  
  70  6:51  Zealot  
  74  6:59  Forge  
  74  7:02  Pylon  
  74  7:05  Pylon  
  74  7:10  Disruptor (Chrono Boost)  
  74  7:12  Dark Templar x2  
  81  7:16  Probe  
  81  7:17  Probe  
  81  7:19  Probe  
  84  7:27  Probe  
  85  7:35  Probe  
  85  7:36  Sentry  
  84  7:37  Sentry  
  84  7:39  Zealot x3  
  88  7:45  Probe  
  88  7:51  Probe x2  
  88  7:57  Stalker x4  
  95  7:59  Disruptor (Chrono Boost)  
  95  8:03  Probe  
  96  8:12  Probe  
  96  8:14  Probe, Assimilator  
  96  8:16  Probe  
  98  8:20  Assimilator  
  98  8:23  Zealot x3  
  98  8:26  Dark Templar x2  
  106  8:36  Probe, Photon Cannon  
  106  8:37  Photon Cannon  
  103  8:51  Disruptor  
  103  8:52  Zealot x3  
  103  8:58  Stalker x4  
  114  9:04  Pylon  
  114  9:06  Pylon  
  114  9:08  Pylon  
  114  9:14  Zealot x2  
  118  9:17  Pylon  
  118  9:19  Pylon, Photon Cannon  
  118  9:21  Pylon  
  118  9:23  Photon Cannon  
  118  9:26  Pylon, Photon Cannon  
  116  9:33  Stalker x2  
  116  9:34  Stalker x2  
Show
View Real Time Build Order
Export as new Build Order

cookiejar Zerg 

Build Orders: 3 Hatch before Pool 

Get SALT Encoding   

  12  0:01  Drone  
  13  0:13  Overlord  
  13  0:18  Drone  
  14  0:32  Drone x2  
  16  0:37  Drone  
  17  0:54  Hatchery  
  17  0:56  Drone  
  17  1:01  Drone  
  18  1:09  Drone  
  19  1:24  Drone  
  20  1:30  Hatchery  
  19  1:44  Spawning Pool  
  19  1:45  Drone x2  
  20  1:52  Overlord  
  20  2:02  Drone, Extractor  
  20  2:06  Drone  
  21  2:12  Drone  
  22  2:16  Drone  
  23  2:25  Drone  
  23  2:28  Drone  
  25  2:31  Queen x2  
  25  2:35  Drone  
  30  2:37  Overlord  
  30  2:42  Zergling x2  
  30  2:44  Drone  
  32  2:48  Queen  
  34  2:52  Drone  
  34  2:54  Drone  
  34  2:57  Drone  
  37  3:00  Drone  
  37  3:03  Drone  
  39  3:06  Metabolic Boost  
  39  3:09  Drone  
  39  3:11  Drone  
  41  3:13  Extractor  
  41  3:14  Drone  
  41  3:20  Roach Warren  
  41  3:22  Drone  
  41  3:23  Drone  
  42  3:32  Drone x3  
  45  3:38  Drone x2  
  45  3:40  Drone x2  
  45  3:41  Drone  
  50  3:42  Evolution Chamber  
  50  3:44  Overlord  
  50  3:46  Overlord  
  50  3:48  Drone  
  49  4:10  Overlord  
  49  4:12  Zerg Melee Weapons Level 1  
  49  4:19  Lair  
  49  4:24  Overlord  
  49  4:25  Drone x13  
  62  4:32  Overlord  
  62  4:36  Roach x4  
  70  4:38  Roach x2  
  70  4:43  Extractor  
  70  4:44  Extractor  
  72  4:47  Overlord  
  72  4:49  Roach x2  
  76  4:54  Zergling x8  
  80  5:05  Overlord  
  80  5:09  Spore Crawler  
  80  5:12  Spore Crawler  
  78  5:14  Spore Crawler  
  78  5:17  Drone x3  
  80  5:23  Glial Reconstitution  
  80  5:26  Drone x5  
  80  5:28  Evolution Chamber  
  84  5:38  Overlord  
  84  5:40  Roach x7  
  98  5:45  Extractor  
  97  5:51  Hatchery  
  96  6:00  Ravager x3  
  96  6:02  Hatchery, Zergling x12  
  96  6:03  Zergling x10  
  109  6:06  Overlord  
  109  6:11  Zerg Ground Armor Level 1  
  109  6:13  Overlord x2  
  108  6:26  Overseer  
  94  6:45  Overseer  
  94  6:46  Drone  
  94  6:47  Drone x9  
  98  6:51  Drone x2  
  98  6:52  Queen  
  104  7:00  Spine Crawler  
  107  7:03  Queen  
  109  7:09  Roach x2  
  109  7:10  Roach x4  
  112  7:24  Roach x5  
  112  7:26  Roach  
  121  7:37  Roach x2  
  121  7:45  Ravager x4  
  121  7:48  Roach  
  121  7:49  Roach  
  113  8:04  Roach x2  
  113  8:52  Hatchery  
  112  8:59  Hatchery  
  112  9:02  Hatchery  
  110  9:13  Roach x3  
  110  9:15  Overlord  
  116  9:27  Spore Crawler  
  115  9:39  Ravager x6  
Tags
 
Add a new tag
Caveats
  • Supply blocks, unpowered buildings, or Contaminate may cause inaccurate times.
  • Supply counts are checked every 10 seconds.